Map: 16-Bit LE

Players

Rail

  • Race: Protoss Protoss
  • League: Grandmaster
  • Spawn Location: 7:00

NERFTERRANXD - Winner!

  • Race: Terran Terran
  • League: Grandmaster
  • Spawn Location: 1:00

VOD

Have the link to the VOD?

Description

Time

  • Played on: Aug. 14, 2018, 8:17 a.m.
  • Length: 20:25
Show
View Real Time Build Order
Export as new Build Order

Rail Protoss 

Build Orders: 1 Gate Expand, Phoenix Opening 

Get SALT Encoding   

  12  0:01  Probe  
  13  0:13  Probe  
  14  0:19  Pylon  
  14  0:25  Probe  
  15  0:35  Probe  
  15  0:39  Gateway  
  16  0:43  Probe  
  16  0:48  Assimilator  
  17  0:51  Probe  
  18  1:03  Probe  
  19  1:22  Nexus  
  19  1:30  Cybernetics Core  
  19  1:34  Probe  
  19  1:38  Assimilator  
  20  1:46  Probe  
  21  1:49  Pylon  
  21  1:58  Adept  
  21  1:59  Probe  
  24  2:11  Probe  
  25  2:18  Stargate  
  25  2:23  Probe  
  25  2:24  Adept  
  25  2:29  Warp Gate  
  28  2:35  Probe x2  
  30  2:47  Probe  
  30  2:48  Probe  
  32  2:53  Phoenix  
  32  2:56  Adept  
  32  2:57  Probe  
  34  3:00  Probe  
  34  3:05  Probe  
  38  3:11  Pylon  
  39  3:13  Probe x2  
  41  3:20  Phoenix  
  41  3:25  Probe x2  
  45  3:31  Twilight Council  
  45  3:33  Probe  
  45  3:37  Probe  
  45  3:41  Probe  
  47  3:44  Pylon  
  47  3:48  Charge  
  48  3:49  Probe  
  48  3:52  Probe  
  50  4:01  Probe  
  51  4:02  Gateway  
  51  4:03  Gateway  
  49  4:16  Nexus  
  49  4:21  Phoenix  
  51  4:26  Probe x2  
  53  4:32  Assimilator  
  53  4:33  Zealot  
  53  4:36  Pylon  
  55  4:40  Probe x2  
  57  4:46  Phoenix  
  57  4:50  Gateway  
  57  4:52  Gateway  
  59  4:53  Probe x2  
  59  4:56  Sentry  
  59  4:58  Zealot  
  65  5:02  Zealot  
  65  5:05  Probe  
  68  5:15  Gateway  
  68  5:16  Robotics Facility  
  68  5:20  Zealot  
  70  5:25  Pylon  
  70  5:28  Pylon  
  70  5:29  Zealot x2  
  70  5:33  Probe x2  
  70  5:34  Probe, Phoenix  
  76  5:41  Probe x2  
  76  5:42  Probe, Zealot  
  81  5:49  Zealot  
  86  5:53  Probe x2, Pylon  
  86  5:54  Zealot  
  90  5:58  Zealot  
  90  5:59  Probe  
  90  6:03  Zealot  
  90  6:04  Zealot  
  97  6:08  Pylon  
  97  6:16  Robotics Bay  
  97  6:22  Nexus  
  93  6:34  Stalker x2  
  93  6:35  Stalker  
  93  6:38  Probe  
  97  6:43  Probe x2  
  95  6:50  Probe  
  93  6:55  Colossus  
  93  6:56  Probe x2  
  95  7:05  Probe x2  
  95  7:07  Probe  
  102  7:10  Extended Thermal Lance  
  102  7:12  Pylon  
  102  7:13  Probe, Pylon  
  102  7:15  Sentry, Zealot  
  108  7:17  Probe  
  108  7:20  Probe  
  108  7:22  Pylon  
  111  7:24  Probe  
  111  7:26  Pylon  
  111  7:29  Probe  
  113  7:33  Probe  
  113  7:34  Probe  
  113  7:36  Zealot x2  
  113  7:37  Colossus  
  119  7:38  Probe  
  119  7:41  Probe  
  121  7:44  Shield Battery, Zealot  
  121  7:45  Probe  
  121  7:46  Probe  
  121  7:48  Assimilator  
  125  7:55  Blink  
  125  7:56  Probe  
  132  7:59  Zealot x2  
  132  8:00  Probe  
  132  8:02  Probe  
  138  8:07  Shield Battery  
  138  8:08  Probe x2  
  138  8:11  Pylon  
  140  8:15  Probe x2  
  140  8:18  Zealot x2  
  146  8:20  Probe  
  146  8:24  Assimilator x2  
  147  8:29  Forge x2  
  147  8:32  Stalker x2  
  147  8:33  Probe  
  152  8:36  Disruptor, Protoss Ground Weapons Level 1, Zealot  
  152  8:37  Zealot  
  156  8:42  Pylon, Protoss Ground Armor Level 1  
  156  8:43  Shield Battery  
  156  8:44  Zealot  
  156  8:45  Shield Battery  
  161  8:58  Pylon  
  161  8:59  Pylon  
  161  9:04  Stalker x2  
  161  9:06  Assimilator  
  161  9:07  Pylon  
  161  9:08  Assimilator  
  165  9:10  Photon Cannon  
  165  9:11  Warp Prism  
  165  9:14  Stalker  
  165  9:16  Stalker  
  171  9:28  Stalker x4  
  179  9:31  Gateway  
  173  9:38  Stalker  
  173  9:44  Stargate x2  
  175  9:46  Probe, Protoss Air Weapons Level 1  
  176  9:56  Fleet Beacon  
  176  9:58  Photon Cannon  
  176  10:01  Nexus  
  176  10:09  Stargate  
  176  10:11  Photon Cannon  
  176  10:13  Photon Cannon  
  176  10:15  Zealot  
  176  10:16  Zealot x2  
  182  10:28  Carrier, Pylon, Photon Cannon  
  182  10:38  Carrier  
  182  10:41  Graviton Catapult  
  182  10:42  Immortal  
  192  10:54  Photon Cannon  
  192  10:55  Photon Cannon  
  192  10:56  Photon Cannon x2  
  192  11:01  Carrier  
  198  11:10  Templar Archives  
  198  11:25  Protoss Shields Level 1  
  198  11:33  Stalker  
  198  11:40  Stalker  
  186  11:54  Zealot  
  186  11:56  Tempest x2  
  200  12:04  Protoss Air Weapons Level 2  
  198  12:20  Phoenix  
  198  12:21  Carrier  
  200  12:28  Carrier  
  200  12:29  Zealot x3  
  175  12:30  Zealot x4  
  175  12:31  Carrier  
  135  12:45  Immortal  
  135  12:51  Zealot x2  
  135  12:52  Zealot x5  
  149  12:59  Carrier  
  149  13:00  Photon Cannon  
  155  13:05  Robotics Facility  
  155  13:15  High Templar x3  
  155  13:16  High Templar, Zealot x3  
  155  13:19  Archon  
  169  13:20  Archon  
  169  13:36  Immortal, Carrier  
  169  13:37  Zealot x2  
  169  13:38  Zealot  
  161  13:49  Zealot x4  
  145  13:58  Tempest  
  145  14:00  Sentry, High Templar  
  145  14:01  High Templar  
  155  14:06  Archon  
  155  14:07  Protoss Air Armor Level 1  
  155  14:10  Sentry, Zealot x2  
  155  14:13  Zealot  
  163  14:17  Assimilator  
  163  14:18  Assimilator  
  163  14:21  Immortal  
  163  14:22  Immortal  
  167  14:26  High Templar  
  167  14:28  Probe  
  167  14:29  Protoss Ground Weapons Level 2  
  174  14:31  High Templar  
  174  14:37  Archon, Zealot x2  
  180  14:43  Zealot x2  
  184  14:46  Zealot  
  186  15:00  Immortal  
  190  15:07  Protoss Shields Level 2  
  190  15:09  High Templar x2  
  190  15:10  Zealot x2  
  190  15:13  Archon, Zealot  
  198  15:22  Zealot x2  
  195  15:33  Tempest  
  196  15:36  Tempest  
  196  15:40  Immortal  
  194  15:44  Zealot  
  190  16:03  Pylon  
  184  16:10  Pylon  
  180  16:15  Pylon  
  180  16:17  Tempest  
  172  16:19  Immortal  
  136  16:28  High Templar x2, Zealot x3  
  136  16:29  Zealot  
  142  16:33  Tempest  
  148  16:42  Tempest  
  148  16:45  Archon  
  130  16:51  Sentry  
  130  16:52  Zealot x3  
  126  16:57  Immortal  
  124  17:02  Zealot  
  124  17:04  Zealot, Photon Cannon  
  128  17:14  Stalker  
  130  17:23  Immortal, Sentry, Zealot x3  
  130  17:25  Protoss Ground Weapons Level 3  
  130  17:27  Nexus  
  138  17:36  Stalker  
  144  17:37  Stalker  
  144  17:43  Pylon  
  146  17:47  High Templar x2  
  150  17:51  Stalker  
  150  17:52  Archon  
  150  17:57  Immortal  
  156  18:07  Stalker x2  
  160  18:21  Zealot, Photon Cannon  
  160  18:22  Zealot x2  
  166  18:27  High Templar  
  168  18:36  Warp Prism  
  168  18:40  High Templar  
  170  18:43  High Templar  
  170  18:44  Stalker x2  
  170  18:45  Assimilator  
  170  18:47  Archon  
  176  18:51  Assimilator  
  176  18:52  Stalker  
  176  19:08  Stalker x2  
  176  19:09  Stalker  
  176  19:12  Immortal  
  180  19:19  Stalker x2  
  180  19:20  Stalker  
  182  19:39  Zealot x2  
  182  19:40  Zealot  
  182  19:43  Zealot x3  
Show
View Real Time Build Order
Export as new Build Order

NERFTERRANXD Terran - Winner!

Build Orders: Liberator Opening, Reaper Expand, Mech 

Get SALT Encoding   

  12  0:01  SCV  
  13  0:14  SCV  
  14  0:18  Supply Depot  
  14  0:26  SCV  
  15  0:39  SCV  
  15  0:41  Barracks  
  16  0:46  Refinery  
  16  0:52  SCV  
  17  1:04  SCV  
  18  1:16  SCV  
  19  1:29  Orbital Command  
  19  1:30  Reaper  
  20  1:42  Command Center  
  20  1:52  Supply Depot  
  20  1:55  SCV  
  21  2:02  Marine  
  21  2:07  SCV  
  23  2:10  Factory  
  23  2:14  Refinery  
  23  2:19  SCV  
  24  2:24  Barracks Reactor  
  24  2:31  SCV  
  25  2:43  SCV  
  26  2:55  Starport, Orbital Command, SCV  
  27  2:59  Widow Mine  
  27  3:01  Marine x2  
  30  3:07  SCV  
  31  3:19  SCV, Marine x2  
  34  3:21  Cyclone  
  34  3:22  SCV  
  34  3:26  Supply Depot  
  38  3:32  SCV  
  38  3:34  SCV, Viking  
  41  3:37  Marine x2  
  44  3:44  SCV  
  44  3:46  SCV  
  46  3:50  Liberator  
  46  3:56  SCV  
  46  3:58  SCV  
  48  4:05  Command Center  
  48  4:06  Factory Tech Lab  
  48  4:09  SCV  
  52  4:14  Supply Depot, SCV  
  53  4:19  Supply Depot  
  53  4:23  Refinery, SCV  
  53  4:24  Refinery  
  54  4:34  Liberator  
  54  4:36  Siege Tank, SCV, Marine x2  
  60  4:40  SCV  
  60  4:42  Supply Depot  
  61  4:49  SCV  
  66  4:52  SCV  
  66  4:53  Marine x2  
  66  4:58  Supply Depot  
  68  5:01  SCV  
  68  5:05  SCV  
  70  5:12  Marine x2  
  70  5:13  Armory, SCV  
  71  5:14  Armory  
  71  5:17  SCV  
  72  5:25  SCV  
  73  5:29  SCV  
  74  5:36  Starport Reactor  
  74  5:37  Barracks Tech Lab, SCV  
  74  5:38  Factory x2  
  74  5:39  Orbital Command  
  75  5:43  SCV  
  75  5:49  SCV  
  77  5:50  Siege Tank  
  77  5:51  Bunker  
  77  5:56  SCV  
  81  6:00  Engineering Bay  
  81  6:01  SCV  
  82  6:04  Refinery, SCV  
  82  6:05  Refinery  
  82  6:07  Terran Vehicle Weapons Level 1  
  82  6:08  SCV  
  82  6:10  Terran Vehicle And Ship Armor Level 1  
  84  6:14  SCV  
  84  6:16  SCV  
  86  6:19  Supply Depot  
  86  6:20  SCV  
  89  6:26  Hellion x2  
  89  6:27  SCV  
  89  6:31  Thor  
  95  6:34  Siege Tank  
  82  6:47  Hellion x2  
  82  6:54  Orbital Command, SCV  
  82  6:56  Supply Depot  
  82  6:57  Supply Depot  
  83  7:07  Siege Tank  
  83  7:08  SCV, Hellion x2  
  88  7:09  SCV  
  88  7:11  Liberator x2  
  88  7:14  Siege Tank  
  92  7:16  Engineering Bay  
  92  7:20  SCV  
  92  7:21  SCV x2  
  95  7:26  Refinery  
  95  7:28  Bunker  
  95  7:29  Refinery  
  101  7:32  SCV  
  101  7:35  Hellion  
  104  7:37  Supply Depot  
  104  7:38  SCV, Hellion  
  104  7:42  SCV  
  104  7:43  Supply Depot  
  108  7:44  SCV  
  108  7:46  Hellion x6  
  108  7:48  Missile Turret  
  108  7:50  SCV  
  110  7:54  SCV  
  110  7:56  SCV  
  110  7:57  Siege Tank x2  
  118  8:02  Terran Vehicle Weapons Level 2, SCV  
  119  8:06  Supply Depot, SCV  
  119  8:09  Terran Vehicle And Ship Armor Level 2  
  119  8:11  Hellion  
  122  8:13  SCV  
  122  8:14  SCV  
  124  8:20  Liberator  
  124  8:22  Missile Turret x2  
  124  8:24  Missile Turret  
  124  8:26  Liberator, Barracks Reactor  
  124  8:27  SCV, Factory  
  125  8:28  SCV, Factory  
  125  8:30  Hellion  
  125  8:31  SCV  
  129  8:39  SCV  
  133  8:46  Supply Depot  
  133  8:47  Hellion  
  133  8:48  Hellion  
  140  8:50  Siege Tank  
  140  8:55  Supply Depot x2  
  143  8:58  Missile Turret  
  143  8:59  Hi-Sec Auto Tracking  
  143  9:14  Factory Tech Lab  
  143  9:15  Siege Tank  
  148  9:17  Hellion  
  148  9:18  Command Center  
  148  9:20  Liberator, Infernal Pre-Igniter  
  148  9:22  Smart Servos, Liberator  
  148  9:28  Hellion  
  148  9:30  Hellion  
  152  9:31  Hellion  
  153  9:43  Hellion x2  
  153  9:45  Hellion  
  160  9:47  Hellion  
  160  9:51  Hellion  
  164  9:55  Supply Depot  
  164  9:56  Rapid Fire Launchers, Hellion x9  
  164  9:58  Supply Depot  
  164  10:02  Hellion  
  164  10:06  Siege Tank, Missile Turret  
  164  10:07  Liberator x2, Hellion  
  169  10:09  Hellion  
  171  10:16  Siege Tank, Supply Depot  
  180  10:29  Siege Tank  
  181  10:36  Planetary Fortress  
  181  10:37  SCV  
  181  10:38  SCV  
  181  10:42  Hellion  
  185  10:48  Siege Tank, Hellion  
  190  10:52  Refinery  
  190  10:55  Hellion x3  
  190  10:56  Hellion x15  
  190  10:57  Refinery  
  190  10:59  Sensor Tower, Missile Turret  
  190  11:00  SCV  
  190  11:01  SCV x2  
  193  11:05  Hellion  
  193  11:06  Hellion  
  193  11:10  Hellion  
  198  11:12  SCV  
  198  11:13  SCV  
  200  11:19  Terran Vehicle Weapons Level 3  
  200  11:21  Terran Vehicle And Ship Armor Level 3  
  200  11:49  Command Center  
  200  11:53  Siege Tank, Hellion  
  200  12:16  Factory  
  200  12:18  Factory x2  
  197  12:29  Thor  
  184  12:30  Thor x2  
  184  12:32  Marine  
  173  12:42  Hellion x4  
  173  12:43  Hellion x2  
  150  12:44  Cyclone x2  
  150  12:45  Cyclone  
  150  12:46  Cyclone  
  150  12:49  Marine  
  146  13:01  Factory Reactor, Factory Tech Lab x2  
  143  13:07  Marine  
  144  13:14  Thor x3  
  162  13:21  Hellion x5  
  162  13:25  Marine  
  175  13:32  Command Center  
  175  13:33  Command Center  
  175  13:38  Thor  
  171  13:42  Hellion  
  171  13:43  Marine  
  157  13:53  Cyclone  
  157  13:54  Hellion  
  144  13:57  Thor x3  
  162  14:03  SCV x4  
  166  14:15  SCV x2, Hellion x2  
  166  14:16  SCV  
  173  14:24  Cyclone x2  
  176  14:26  SCV  
  176  14:27  SCV  
  181  14:35  Cyclone x2  
  187  14:40  Thor  
  193  14:47  Cyclone x2  
  197  14:58  Thor  
  200  15:09  Terran Ship Weapons Level 1  
  200  15:10  Fusion Core  
  200  15:11  Starport  
  200  15:12  Starport  
  200  15:29  Command Center  
  200  15:32  Thor  
  200  15:34  Cyclone  
  195  15:39  Thor  
  197  15:49  Thor  
  193  16:12  Orbital Command  
  149  16:25  Thor  
  152  16:35  Hellion  
  152  16:39  Hellion  
  141  16:45  Hellion  
  110  16:55  Hellion  
  112  17:03  Hellion x2  
  112  17:08  Hellion  
  118  17:19  Hellion x3  
  118  17:28  Cyclone x2  
  124  17:36  Planetary Fortress  
  124  17:47  Cyclone  
  124  17:50  Cyclone  
  130  17:56  Refinery x2  
  130  18:00  Cyclone  
  130  18:02  Cyclone  
  136  18:10  Cyclone  
  136  18:12  Cyclone  
  142  18:17  Barracks  
  142  18:23  Cyclone  
  145  18:30  Sensor Tower  
  145  18:32  Cyclone  
  148  18:40  Cyclone  
  143  18:50  Cyclone  
  148  18:56  Hellion x3  
  150  19:12  Thor, Hellion  
  150  19:14  Hellion  
  157  19:28  Thor  
  163  19:44  Cyclone  
  166  19:50  Cyclone  
Tags
 
Add a new tag
Caveats
  • Supply blocks, unpowered buildings, or Contaminate may cause inaccurate times.
  • Supply counts are checked every 10 seconds.